 Dungeon Crawl Stone Soup version 0.22-a0-525-gf69a080 (webtiles) character file.

301 CougarLife the Shield-Bearer (level 6, -3/53 HPs)
             Began as a Gnoll Fighter on June 22, 2018.
             Killed by divine providence
             ... invoked by an orc priest
              (17 damage)
             ... on level 3 of the Dungeon.
             The game lasted 00:01:49 (2236 turns).

CougarLife the Shield-Bearer (Gnoll Fighter)        Turns: 2236, Time: 00:01:49

Health: -3/53      AC: 10    Str: 21    XL:     6   Next: 37%
Magic:  8/8        EV:  9    Int: 10    God:
Gold:   109        SH: 11    Dex: 14    Spells: 8/8 levels left

rFire    . . .     SeeInvis .   a - +0 war axe
rCold    . . .     Gourm    .   c - +0 shield
rNeg     . . .     Faith    .   b - +0 scale mail
rPois    .         Spirit   .   (no helmet)
rElec    .         Reflect  .   m - +0 cloak
rCorr    .         Harm     .   l - +0 pair of gloves
MR       .....                  (no boots)
Stlth    +.........             (no amulet)
HPRegen  0.17/turn              (no ring)
MPRegen  0.11/turn              (no ring)

@: no status effects
A: distributed training, fangs 1, strong nose
a: no special abilities


You were on level 3 of the Dungeon.
You were not hungry.

You visited 1 branch of the dungeon, and saw 4 of its levels.

You collected 109 gold pieces.

Inventory:

Hand Weapons
 a - a +0 war axe (weapon)
Armour
 b - a +0 scale mail (worn)
 c - a +0 shield (worn)
 l - a +0 pair of gloves (worn)
 m - a +0 cloak (worn)
Jewellery
 q - an uncursed ring of poison resistance {unknown}
Scrolls
 e - 3 scrolls of identify {unknown}
 g - 2 scrolls of remove curse {unknown}
 i - a scroll of immolation {unknown}
 k - a scroll of random uselessness {unknown}
 n - a scroll of teleportation {unknown}
 r - a scroll of enchant weapon {unknown}
Potions
 d - a potion of might
 h - a potion of heal wounds {unknown}
 j - a potion of brilliance {unknown}
 o - a potion of degeneration {unknown}
 p - 3 potions of curing {unknown}
Comestibles
 f - 4 rations


   Skills:
 + Level 6.8 Fighting
 + Level 1.9 Short Blades
 + Level 1.9 Long Blades
 + Level 4.9 Axes
 + Level 1.9 Maces & Flails
 + Level 1.9 Polearms
 + Level 1.9 Staves
 + Level 1.9 Slings
 + Level 1.9 Bows
 + Level 1.9 Crossbows
 + Level 1.9 Throwing
 + Level 6.8 Armour
 + Level 1.9 Dodging
 + Level 1.9 Stealth
 + Level 6.8 Shields
 + Level 1.9 Unarmed Combat
 + Level 1.9 Spellcasting
 + Level 1.5 Conjurations
 + Level 1.5 Hexes
 + Level 1.5 Charms
 + Level 1.5 Summonings
 + Level 1.5 Necromancy
 + Level 1.5 Translocations
 + Level 1.5 Transmutations
 + Level 1.5 Fire Magic
 + Level 1.5 Ice Magic
 + Level 1.5 Air Magic
 + Level 1.5 Earth Magic
 + Level 1.5 Poison Magic
 + Level 2.1 Invocations
 + Level 1.9 Evocations


You had 8 spell levels left.
You didn't know any spells.
Your spell library contained the following spells:

 Spells                   Type           Power        Failure   Level  Hunger
 Confuse                  Hex            #.......     98%         3    ####...
 Confusing Touch          Hex            #.....       77%         1    ##.....
 Metabolic Englaciation   Hex/Ice        #.........   100%        5    ######.
 Petrify                  Tmut/Erth      #.......     100%        4    #####..
 Gell's Gravitas          Tloc           #.........   98%         3    ####...
 Yara's Violent Unravell  Hex/Tmut       #.........   100%        5    ######.


Dungeon Overview and Level Annotations

Branches:
Dungeon (4/15)
 Temple: D:4-7

Altars:
Gozag
Wu Jian


Innate Abilities, Weirdness & Mutations

Your experience applies equally to all skills.
You have very sharp teeth.
Your uncanny sense of smell can sniff out nearby items.


Message History

You slash the orc priest!
You kill the orc priest!
The orc priest mumbles some strange prayers to Beogh against you.
Beogh smites you!
* * * LOW HITPOINT WARNING * * *
You are too injured to fight recklessly!
The orc priest barely misses you.
Items here: ))) [ † a club; a mace; a leather armour; a club; an orc corpse You closely miss the orc priest.
You block the orc priest's attack.
You are too injured to fight recklessly!
You hit the orc priest.
The orc priest is moderately wounded.
The orc priest hits you but does no damage.
You are too injured to fight recklessly!
You hit the orc priest but do no damage.
The orc priest is moderately wounded.
The orc priest invokes the aid of Beogh against you.
Beogh smites you!
You die...

.################## #.#
.'....... #.# .########
###### #.## .......#
#....# ##.#.
#......######.##.# #..#.
#......'.......#.# #.##.
#......######..#.#
#######.##. ##'#####
####.# #.......... #.#
#@# #.#####.##)
##.#############o.......
#.##.
...............#........
#.##.
##.####)....##.#........
#.##.
#....'.....##.#........
#.##.
#####'.....##.#........
#.##.
#.........##.#.####+#.
...#. #.........##.#.#
####. #.[...######.# #.


You could see an orc priest.

Vanquished Creatures
  An ice beast (D:3)
  A hound (D:4)
  2 orc priests (D:3)
  6 adders
  3 worms
  2 dart slugs
  2 leopard geckos
  7 orcs
  5 bats
  2 giant cockroaches (D:3)
  5 hobgoblins
  5 jackals (D:2)
  3 kobolds
  5 frilled lizards
  2 goblins (D:3)
  6 rats
57 creatures vanquished.

Notes
Turn   | Place    | Note
-------+----------+-------------------------------------------
     0 | D:1      | CougarLife the Gnoll Fighter began the quest for the Orb.
     0 | D:1      | Reached XP level 1. HP: 23/23 MP: 1/1
   140 | D:1      | Reached XP level 2. HP: 26/29 MP: 2/2
   642 | D:2      | Reached XP level 3. HP: 35/35 MP: 3/3
   717 | D:2      | Reached skill level 1 in Invocations
   933 | D:2      | Found an opulent altar of Gozag.
   938 | D:2      | Reached skill level 1 in Short Blades
   938 | D:2      | Reached skill level 1 in Long Blades
   938 | D:2      | Reached skill level 1 in Maces & Flails
   938 | D:2      | Reached skill level 1 in Polearms
   938 | D:2      | Reached skill level 1 in Staves
   938 | D:2      | Reached skill level 1 in Slings
   938 | D:2      | Reached skill level 1 in Bows
   938 | D:2      | Reached skill level 1 in Crossbows
   938 | D:2      | Reached skill level 1 in Throwing
   938 | D:2      | Reached skill level 1 in Dodging
   938 | D:2      | Reached skill level 1 in Stealth
   938 | D:2      | Reached skill level 1 in Unarmed Combat
   938 | D:2      | Reached skill level 1 in Spellcasting
   938 | D:2      | Reached skill level 1 in Evocations
   970 | D:2      | Reached XP level 4. HP: 31/41 MP: 5/5
  1326 | D:3      | Found an ornate altar of the Wu Jian Council.
  1509 | D:3      | Reached skill level 1 in Conjurations
  1509 | D:3      | Reached skill level 1 in Hexes
  1509 | D:3      | Reached skill level 1 in Charms
  1509 | D:3      | Reached skill level 1 in Summonings
  1509 | D:3      | Reached skill level 1 in Necromancy
  1509 | D:3      | Reached skill level 1 in Translocations
  1509 | D:3      | Reached skill level 1 in Transmutations
  1509 | D:3      | Reached skill level 1 in Fire Magic
  1509 | D:3      | Reached skill level 1 in Ice Magic
  1509 | D:3      | Reached skill level 1 in Air Magic
  1509 | D:3      | Reached skill level 1 in Earth Magic
  1509 | D:3      | Reached skill level 1 in Poison Magic
  1579 | D:3      | Noticed an ice beast
  1590 | D:3      | Killed an ice beast
  1590 | D:3      | Reached XP level 5. HP: 33/47 MP: 5/7
  1872 | D:3      | You fall through a shaft!
  1883 | D:4      | Reached XP level 6. HP: 23/53 MP: 8/8
  2236 | D:3      | Killed from afar by an orc priest

Vault maps used:
D:1:      minmay_arrival_shattered_statue, glass_columns_b
D:2:      old_standard_altar
D:3:      lemuel_doored_altar, minmay_misc_feat_nine_boxes
D:4:      vehumet_statue, gammafunk_temple_overflow_pools

Skill      XL: |  1  2  3  4  5  6 |
---------------+-------------------+-----
Invocations    | 1 2 |  2.1
Short Blades   | 1 |  1.9
Long Blades    | 1 |  1.9
Maces & Flails | 1 |  1.9
Polearms       | 1 |  1.9
Staves         | 1 |  1.9
Slings         | 1 |  1.9
Bows           | 1 |  1.9
Crossbows      | 1 |  1.9
Throwing       | 1 |  1.9
Dodging        | 1 |  1.9
Stealth        | 1 |  1.9
Unarmed Combat | 1 |  1.9
Spellcasting   | 1 |  1.9
Evocations     | 1 |  1.9
Conjurations   | 1 |  1.5
Hexes          | 1 |  1.5
Charms         | 1 |  1.5
Summonings     | 1 |  1.5
Necromancy     | 1 |  1.5
Translocations | 1 |  1.5
Transmutations | 1 |  1.5
Fire Magic     | 1 |  1.5
Ice Magic      | 1 |  1.5
Air Magic      | 1 |  1.5
Earth Magic    | 1 |  1.5
Poison Magic   | 1 |  1.5
Fighting       | |  6.8
Axes           | |  4.9
Armour         | |  6.8
Shields        | |  6.8

Action                   |  1- 3 |  4- 6 || total
-------------------------+-------+-------++-------
Melee: War axe           |    76 |    89 ||   165
       Bite              |    11 |    12 ||    23
  Eat: Chunk             |       |     4 ||     4
Armor: Scale mail        |    22 |    49 ||    71
Dodge: Dodged            |    25 |    29 ||    54
Block: Shield            |    46 |    53 ||    99

Table legend:
 A = Spawn XP
 B = Non-spawn XP
 C = Spawn XP percentage of total XP
 D = Spawn monster count
 E = Non-spawn monster count
 F = Spawn count percentage of total count
 G = Total turns spent on level
                    A         B        C        D         E        F      G
               +---------+---------+-------+---------+---------+-------+---------
         Total |       0 |     430 |   0.0 |       0 |      57 |   0.0 |  2236
               +---------+---------+-------+---------+---------+-------+---------
           D:1 |       0 |      17 |   0.0 |       0 |       9 |   0.0 |   635
           D:2 |       0 |      86 |   0.0 |       0 |      20 |   0.0 |   674
           D:3 |       0 |     256 |   0.0 |       0 |      21 |   0.0 |   636
           D:4 |       0 |      71 |   0.0 |       0 |       7 |   0.0 |   291
               +---------+---------+-------+---------+---------+-------+---------
